 Dungeon Crawl Stone Soup version 0.14.1-26-g5a19342 (webtiles) character file.

1041 Kae the Covert (level 7, -10/32 HPs)
             Began as a Spriggan Enchanter on Aug 2, 2014.
             Was an Initiate of Dithmenos.
             Killed from afar by Dowan (26 damage)
             ... with a shard of ice
             ... on Level 5 of the Dungeon.
             The game lasted 00:08:11 (4851 turns).

Kae the Covert (Spriggan Enchanter)                 Turns: 4851, Time: 00:08:12

HP -10/32        AC  4     Str  6      XL: 7   Next: 78%
MP  17/22        EV 18     Int 17      God: Dithmenos [......]
Gold 147         SH  0     Dex 16      Spells:  3 memorised, 10 levels left

rFire  + . .     SeeInvis +     a - +2,+1 dagger (curse)
rCold  x . .     Clarity  .     b - +1 robe (curse)
rNeg   . . .     Conserve .     (shield restricted)
rPois  .         rCorr    .     (helmet restricted)
rElec  .         rRot     .     h - +0 cloak (curse)
SustAb . .       Spirit   .     (gloves unavailable)
rMut   .         Warding  .     (boots unavailable)
Saprov . . .     Stasis   .     (no amulet)
MR     +....                    t - cursed ring of fire
                                (no ring)

@: lethally poisoned, slowed, quick, somewhat resistant to hostile enchantments,
very stealthy
A: unfitting armour, see invisible, herbivore 3, speed 3, slow metabolism 2
a: Renounce Religion


You were on level 5 of the Dungeon.
You worshipped Dithmenos.
Dithmenos was noncommittal.
You were not hungry.

You visited 2 branches of the dungeon, and saw 6 of its levels.
You also visited: Ossuary.

You collected 147 gold pieces.

Inventory:

Hand weapons
 a - a cursed +2,+1 dagger (weapon)
Missiles
 d - 12 darts (quivered)
Armour
 b - a cursed +1 robe (worn)
 h - a cursed +0 cloak (worn)
Comestibles
 f - 2 apples
 g - 2 pears
 i - 3 bread rations
 z - a choko
Scrolls
 e - 2 scrolls of holy word {unknown}
 k - 5 scrolls of remove curse
 m - 2 scrolls of blinking {unknown}
 n - 4 scrolls of identify
 o - 3 scrolls of teleportation {unknown}
 x - a scroll of enchant weapon I
Jewellery
 r - a cursed -2 ring of strength
 t - a cursed ring of fire (right hand)
 y - a cursed ring of hunger {unknown}
Potions
 j - a potion of brilliance {unknown}
 l - a potion of agility {unknown}
 p - a potion of might {unknown}
 q - 3 potions of curing
 s - 2 potions of restore abilities {unknown}
 u - 2 potions of heal wounds {unknown}
 v - a potion of degeneration {unknown}
 w - 5 potions of haste {unknown}
Books
 c - a book of Maledictions

   Spells                             Type                      Level
   *Corona                            Hexes                        1
   Sure Blade                         Hexes/Charms                 2
   *Ensorcelled Hibernation           Hexes/Ice                    2
   *Confuse                           Hexes                        3
   Enslavement                        Hexes                        4
   Invisibility                       Hexes                        6


   Skills:
 * Level 5.5 Short Blades
 - Level 1.1 Throwing
 - Level 3.0 Dodging
 * Level 8.1 Stealth
 + Level 5.0 Spellcasting
 + Level 6.0 Hexes


You had 10 spell levels left.
You knew the following spells:

 Your Spells              Type           Power        Failure   Level  Hunger
a - Corona                Hex            ###....      1%          1    None
b - Ensorcelled Hibernat  Hex/Ice        #.....       10%         2    #......
c - Confuse               Hex            ###.....     4%          3    ###....


Dungeon Overview and Level Annotations

Branches:
Dungeon (5/15)             Temple (1/1) D:4

Altars:
Ashenzari
Cheibriados
Dithmenos
Elyvilon
Fedhas
Kikubaaqudgha
Makhleb
Nemelex Xobeh
Okawaru
Sif Muna
Trog
Vehumet
Yredelemnul
Zin
The Shining One

Annotations:
D:5 Dowan


Innate Abilities, Weirdness & Mutations

You are tiny and cannot use many weapons and most armour.
You have supernaturally acute eyesight.
You are a herbivore.
You cover ground extremely quickly.
You need consume almost no food.


Message History

You feel sick. Dowan completely misses you. The worker ant bites you.
You are more poisoned.
The worker ant poisons you!
Casting: Ensorcelled Hibernation
Confirm with . or Enter, or press ? or * to list all spells.
Aiming: Ensorcelled Hibernation
Press: ? - help, Shift-Dir - straight line, f - Dowan
Aim: Dowan, wielding a dagger and wearing a robe (moving very quickly)
You feel a numb sensation.
Dowan easily resists.
You feel sick. Dowan completely misses you.
The worker ant bites you but does no damage.
Dowan hits you with a dagger. The worker ant misses you. Dowan misses you.
You feel sick.
Dowan mumbles some strange words.
Dowan blinks!
You feel sick. Dowan gestures at you while chanting. The shard of ice hits you!
You feel a painful chill!
Ouch! That really hurt!
You die...

....................#
<....................#
#........ ...........####
#.......# #######.......
#.......# #.......
#....)ยง.# #.......
#.......# #.......
#.e...a.##########.......
#.......@................
#.....######'#...>.......
#.....#......#...........
#.....#......#....#####..
.....#......#....#...#..
....#......#....#...#.. .
.#......#..).'...#..
#......#....#...#..
#......#....#...#..


You could see Dowan and a worker ant.

Vanquished Creatures
  The ghost of Kae the Sneak, an average SpEn (Ossuary)
  Sigmund (D:2)
  Duvessa (D:5)
  A giant frog (D:3)
  A scorpion (D:4)
  A crimson imp (D:3)
  4 centaur zombies (Ossuary)
  A hound (D:3)
  A centaur skeleton (D:5)
  Crazy Yiuf (D:3)
  3 worker ants (D:5)
  Natasha (thrice) (D:3)
  4 big kobold zombies (Ossuary)
  Jessica (D:2)
  5 mummies (Ossuary)
  3 adders
  A shadow imp (D:3)
  A worm (D:5)
  5 giant geckos
  An orc (D:5)
  10 bats
  2 giant cockroaches
  9 hobgoblins
  2 jackals (D:2)
  A quokka (D:4)
  2 ball pythons (D:4)
  A giant newt (D:2)
  A giant newt skeleton (D:4)
  11 goblins
  2 hobgoblin zombies (Ossuary)
  11 kobolds
  8 rats
100 creatures vanquished.

Notes
Turn   | Place    | Note
--------------------------------------------------------------
     0 | D:1      | Kae, the Spriggan Enchanter, began the quest for the Orb.
     0 | D:1      | Reached XP level 1. HP: 9/9 MP: 4/4
   446 | D:1      | Reached XP level 2. HP: 8/13 MP: 7/7
   956 | D:2      | Learned a level 2 spell: Ensorcelled Hibernation
  1032 | D:2      | Noticed Jessica
  1049 | D:2      | Killed Jessica
  1049 | D:2      | Reached skill level 4 in Hexes
  1049 | D:2      | Reached XP level 3. HP: 13/16 MP: 9/11
  1123 | D:2      | Found a radiant altar of Vehumet.
  1136 | D:2      | Found a blossoming altar of Fedhas.
  1450 | D:2      | Reached XP level 4. HP: 18/21 MP: 8/13
  1486 | D:2      | Learned a level 3 spell: Confuse
  1842 | D:2      | Noticed Sigmund
  1847 | D:2      | Killed Sigmund
  1847 | D:2      | Reached skill level 5 in Stealth
  1847 | D:2      | Reached XP level 5. HP: 16/24 MP: 12/16
  2041 | D:2      | Found a bloodstained altar of Trog.
  2251 | D:3      | Noticed Natasha
  2269 | D:3      | Killed Natasha
  2371 | D:3      | Noticed Crazy Yiuf
  2385 | D:3      | Killed Crazy Yiuf
  2385 | D:3      | Reached skill level 6 in Stealth
  2385 | D:3      | Reached XP level 6. HP: 14/28 MP: 2/20
  2664 | D:3      | Noticed Natasha
  2872 | D:3      | Killed Natasha
  2872 | D:3      | Reached skill level 5 in Hexes
  2890 | D:3      | Noticed Natasha
  2897 | D:3      | Killed Natasha
  2903 | D:3      | Found a burning altar of Makhleb.
  2999 | D:4      | Found a staircase to the Ecumenical Temple.
  3047 | Temple   | Entered the Ecumenical Temple
  3208 | Temple   | Became a worshipper of Dithmenos the Shadowed
  3326 | D:4      | Found a sand-covered staircase.
  3347 | Ossuary  | Entered an ossuary
  3625 | Ossuary  | Noticed Kae's ghost (average SpEn)
  3711 | Ossuary  | Killed Kae's ghost
  3727 | Ossuary  | Reached XP level 7. HP: 26/32 MP: 11/21
  3914 | Ossuary  | Reached skill level 7 in Stealth
  3923 | Ossuary  | Reached skill level 5 in Short Blades
  4495 | D:3      | Found a deep blue altar of Sif Muna.
  4530 | D:5      | Entered Level 5 of the Dungeon
  4842 | D:5      | Noticed Duvessa
  4843 | D:5      | Noticed Dowan
  4848 | D:5      | Killed Duvessa
  4848 | D:5      | Reached skill level 8 in Stealth
  4848 | D:5      | Reached skill level 5 in Spellcasting
  4851 | D:5      | Killed from afar by Dowan

Action                   |  1- 3 |  4- 6 |  7- 9 || total
-------------------------+-------+-------+-------++-------
Melee: Dagger            |   126 |   142 |   109 ||   377
Throw: Dart              |       |     1 |       ||     1
 Cast: Corona            |     3 |       |       ||     3
       Ensorcelled Hiber |     5 |    33 |    12 ||    50
       Confuse           |       |    10 |     5 ||    15
  Use: Scroll            |     1 |     7 |       ||     8
       Potion            |       |     1 |       ||     1
 Stab: Sleeping          |     8 |    25 |     9 ||    42
       Confused          |       |     5 |     6 ||    11
